 Dungeon Crawl Stone Soup version 0.19.0-19-g8c6edcc (webtiles) character file.

6768 Charly the Cleaver (level 10, -7/93 HPs)
             Began as a Minotaur Berserker on Nov 15, 2016.
             Was an Elder of Trog.
             Mangled by a hill giant
             ... wielding a +0 giant club
              (35 damage)
             ... on level 13 of the Dungeon.
             The game lasted 00:16:40 (1800 turns).

Charly the Cleaver (Minotaur Berserker)             Turns: 1800, Time: 00:16:40

Health: -7/93      AC: 14    Str: 23    XL:     10   Next: 76%
Magic:  9/9        EV:  8    Int:  4    God:    Trog [****..]
Gold:   149        SH:  0    Dex: 12    Spells: 0 memorised, 9 levels left

rFire  . . .     SeeInvis .     r - +2 halberd (vamp)
rCold  . . .     Gourm    .     h - +0 plate armour
rNeg   . . .     Faith    .     (shield currently unavailable)
rPois  .         Spirit   .     (helmet restricted)
rElec  .         Reflect  .     (no cloak)
rCorr  .         Harm     .     (no gloves)
MR     .....                    (no boots)
Stlth  ..........               (no amulet)
                                (no ring)
                                d - ring of flight

@: exhausted, liquid flames, slowed, glowing, very slow
A: retaliatory headbutt, horns 2
a: Berserk, Trog's Hand, Brothers in Arms, Burn Spellbooks, Renounce Religion,
Evoke Flight


You were on level 13 of the Dungeon.
You worshipped Trog.
Trog was greatly pleased with you.
You were very hungry.

You visited 2 branches of the dungeon, and saw 15 of its levels.

You collected 149 gold pieces.

Inventory:

Hand Weapons
 a - a +1 hand axe
 r - a +2 vampiric halberd (weapon)
Missiles
 m - a throwing net (quivered)
Armour
 h - a +0 plate armour (worn)
Jewellery
 d - a ring of flight (left hand)
Wands
 g - a wand of random effects (16/48)
 o - a wand of iceblast (0/15)
 q - a wand of iceblast (0/15)
 t - a wand of digging (18/24)
Scrolls
 b - 3 scrolls of remove curse
 j - 3 scrolls of identify
 k - 2 scrolls of teleportation
Potions
 e - a potion of heal wounds {unknown}
 f - a potion of might {unknown}
 l - a potion of curing {unknown}
 n - a potion of ambrosia {unknown}
 p - 2 potions of cure mutation {unknown}
 s - 3 potions of degeneration
Comestibles
 c - 6 bread rations
 i - a slice of pizza


   Skills:
 + Level 9.8 Fighting
 + Level 14.2 Axes
 + Level 9.6 Armour
 + Level 3.5 Dodging


You had 9 spell levels left.
You didn't know any spells.

Dungeon Overview and Level Annotations

Branches:
Dungeon (14/15)              Lair (1/6) D:9
 Temple: D:4-7          Orc: D:9-12      Vaults: D:13-14

Altars:
Ashenzari

Shops:
D:13 [

Annotations:
D:10 exclusion: downstairs
D:11 Sonja


Innate Abilities, Weirdness & Mutations

You reflexively headbutt those who attack you in melee.
You have a pair of horns on your head.


Message History

You are covered in liquid flames!
* * * LOW HITPOINT WARNING * * *
The hill giant barely misses you. You furiously retaliate!
You headbutt the hill giant, but do no damage.
Unknown command.
Unknown command.
You hit the hill giant.
You feel better.
You headbutt the hill giant!
The hill giant is moderately wounded.
You are covered in liquid flames!
* * * LOW HITPOINT WARNING * * *
The hill giant hits you with a giant club.
* * * LOW HITPOINT WARNING * * *
The hill giant hits you but does no damage.
Unknown command.
You completely miss the hill giant. Your headbutt misses the hill giant.
The hill giant is moderately wounded.
You are covered in liquid flames!
* * * LOW HITPOINT WARNING * * *
The hill giant hits you with a giant club!!
You die...

**,,,,****,,,,,,,,,*,*
*,,,,,*,,.#........###
*,,,,,,,.............##
,,,,,,,...............##
,,,,,,,................#*
,,,,,,,.................#***
,,,,,,,......$..........#,,**
,,,,,,,..........[......#.,,*
,,,,,,,........C@........##,**
,,,,****#...............#.##.*
,,,,* #...............#.#.#*
,,,,* #......)...........## **
,,,,* #.........♣...(.....#***,
,,,,****#.....##♣.∩.♣......#**,.#
,,,,,,,.......* ##♣........#####.
,,,,,,,.......* #........##.#..
,,,,,,,.......* #.......##.#...


You could see a hill giant.

Vanquished Creatures
  An unseen horror (D:10)
  A wizard (D:14)
  2 hill giants
  A cyclops (D:11)
  Joseph (D:9)
  2 centaur zombies
  A centaur skeleton (D:12)
  The ghost of Uhlv the Skirmisher, an amateur MiMo (D:5)
  2 hippogriffs
  A vampire (D:11)
  A steam dragon (D:11)
  A mottled dragon (D:13)
  A water moccasin (D:6)
  4 orc warriors
  A sky beast (D:9)
  A phantom (D:4)
  A black bear (D:11)
  An ice beast (D:11)
  A necrophage (D:9)
  2 ogres
  3 centaurs
  A crocodile (D:9)
  A big kobold (D:11)
  2 bullfrogs
  A gnoll sergeant (D:10)
  A wyvern zombie (D:10)
  A howler monkey (D:10)
  2 crimson imps
  A bullfrog skeleton (D:11)
  A hound (D:7)
  2 jellies (D:10)
  2 orc wizards (D:10)
  4 worker ants
  7 gnolls
  An adder (D:10)
  3 river rats (D:9)
  2 leopard geckos
  12 orcs
  2 goblins
  2 hobgoblins (D:2)
  4 jackals (D:10)
  A quokka (D:2)
  15 bats
  2 frilled lizards
  A kobold (D:2)
  12 rats
  2 fungi (D:9)
115 creatures vanquished.

Vanquished Creatures (others)
  A fungus (D:9)
1 creature vanquished.

Grand Total: 116 creatures vanquished

Notes
Turn   | Place    | Note
-------+----------+-------------------------------------------
     0 | D:1      | Charly the Minotaur Berserker began the quest for the Orb.
     0 | D:1      | Reached XP level 1. HP: 19/19 MP: 0/0
    58 | D:2      | Reached skill level 4 in Axes
    73 | D:1      | Reached XP level 2. HP: 18/26 MP: 1/1
   229 | D:3      | Noticed an ogre
   233 | D:3      | Killed an ogre
   233 | D:3      | Reached skill level 6 in Axes
   233 | D:3      | Reached XP level 3. HP: 31/31 MP: 2/2
   233 | D:3      | Reached XP level 4. HP: 39/39 MP: 3/3
   301 | D:4      | Noticed a phantom
   308 | D:4      | Killed a phantom
   308 | D:4      | Reached skill level 7 in Axes
   308 | D:4      | Reached XP level 5. HP: 45/45 MP: 4/4
   349 | D:5      | Entered Level 5 of the Dungeon
   349 | D:5      | Found a shattered altar of Ashenzari.
   353 | D:5      | Noticed Uhlv's ghost (amateur MiMo)
   358 | D:5      | Reached ** piety under Trog
   363 | D:5      | Killed Uhlv's ghost
   363 | D:5      | Reached skill level 9 in Axes
   363 | D:5      | Reached XP level 6. HP: 51/51 MP: 5/5
   400 | D:6      | Noticed a water moccasin
   410 | D:6      | Killed a water moccasin
   410 | D:6      | Reached XP level 7. HP: 57/57 MP: 6/6
   502 | D:7      | Reached skill level 10 in Axes
   564 | D:9      | Noticed a hippogriff
   572 | D:9      | Killed a hippogriff
   596 | D:9      | Reached skill level 11 in Axes
   621 | D:10     | Entered Level 10 of the Dungeon
   652 | D:9      | Reached XP level 8. HP: 52/64 MP: 7/7
   749 | D:9      | Found a staircase to the Lair.
   784 | Lair:1   | Entered Level 1 of the Lair of Beasts
   790 | D:9      | Noticed Joseph
   806 | D:9      | Killed Joseph
   806 | D:9      | Reached skill level 5 in Fighting
   806 | D:9      | Reached skill level 12 in Axes
   993 | D:10     | Reached *** piety under Trog
  1006 | D:10     | Killed an unseen horror
  1006 | D:10     | Reached skill level 5 in Armour
  1006 | D:10     | Reached XP level 9. HP: 78/78 MP: 8/8
  1081 | D:11     | Noticed Sonja
  1149 | D:10     | Reached skill level 13 in Axes
  1154 | D:10     | Noticed a hill giant
  1300 | D:10     | Killed a hill giant
  1392 | D:11     | Reached XP level 10. HP: 88/88 MP: 9/9
  1504 | D:11     | Noticed a cyclops
  1542 | D:11     | Killed a cyclops
  1680 | D:12     | Reached skill level 14 in Axes
  1724 | D:14     | Noticed a wizard
  1729 | D:14     | Killed a wizard
  1729 | D:14     | Reached **** piety under Trog
  1768 | D:13     | Found Iczuif's Armour Shoppe.
  1775 | D:13     | Noticed a hill giant
  1783 | D:13     | Killed a hill giant
  1793 | D:13     | Noticed a hill giant
  1800 | D:13     | Mangled by a hill giant

Skill      XL: |  1  2  3  4  5  6  7  8  9 10 |
---------------+-------------------------------+-----
Axes           | 4 6 7 9 11 12 13 14 | 14.2
Fighting       | 6 8 9 |  9.8
Armour         | 5 8 9 |  9.6
Dodging        | 3 |  3.5

Action                   |  1- 3 |  4- 6 |  7- 9 | 10-12 || total
-------------------------+-------+-------+-------+-------++-------
Melee: Hand axe          |    29 |    26 |   168 |    15 ||   238
       Headbutt          |     1 |     6 |    38 |    18 ||    63
       Halberd           |       |       |       |    68 ||    68
Invok: Berserk           |     2 |     3 |    11 |     4 ||    20
       Trog's Hand       |       |       |       |     1 ||     1
Evoke: Wand              |       |       |     7 |       ||     7
  Use: Scroll            |       |     2 |     1 |     3 ||     6
  Eat: Meat ration       |       |     1 |       |     1 ||     2
       Chunk             |       |       |    11 |     5 ||    16
Armor: Animal skin       |     8 |       |       |       ||     8
       Scale mail        |       |     5 |     2 |       ||     7
       Plate armour      |       |       |    89 |    67 ||   156
Dodge: Dodged            |    24 |     6 |    55 |    41 ||   126
